 Dungeon Crawl Stone Soup version 0.22.0-18-ge075c0d (webtiles) character file.

18 Amnesiac the Shooter (level 2, 0/23 HPs)
             Began as a Mummy Hunter on Aug 18, 2018.
             Slain by a frilled lizard (2 damage)
             ... on level 1 of the Dungeon.
             The game lasted 00:00:26 (557 turns).

Amnesiac the Shooter (Mummy Hunter)                  Turns: 557, Time: 00:00:26

Health: 0/23       AC:  3    Str: 15    XL:     2   Next: 51%
Magic:  2/2        EV: 11    Int: 10    God:
Gold:   10         SH:  0    Dex: 12    Spells: 1/1 levels left

rFire    x . .     SeeInvis .   b - +0 short sword
rCold    + . .     Gourm    .   (no shield)
rNeg     + + +     Faith    .   c - +0 leather armour
rPois    ∞         Spirit   .   (no helmet)
rElec    .         Reflect  .   (no cloak)
rCorr    .         Harm     .   (no gloves)
MR       .....                  (no boots)
Stlth    +.........             (no amulet)
HPRegen  0.07/turn              (no ring)
MPRegen  0.08/turn              (no ring)

@: no status effects
A: no food or potions, fire vulnerability, cold resistance 1, negative energy
resistance 3, torment resistance, unbreathing
a: no special abilities


You were on level 1 of the Dungeon.
You were not hungry.

You visited 1 branch of the dungeon, and saw 1 of its levels.

You collected 10 gold pieces.

Inventory:

Hand Weapons
 a - a +1 shortbow
 b - a +0 short sword (weapon)
Missiles
 d - 20 arrows
Armour
 c - a +0 leather armour (worn)


   Skills:
 + Level 2.4 Fighting
 * Level 3.7 Bows
 - Level 1.5 Dodging
 - Level 0.7 Stealth


You had one spell level left.
You didn't know any spells.
Your spell library was empty.

Dungeon Overview and Level Annotations

Branches:
Dungeon (1/15)

Altars:


Innate Abilities, Weirdness & Mutations

You do not eat or drink.
Your flesh is vulnerable to fire.
You are immune to poison.
Your flesh is cold resistant. (rC+)
You are immune to negative energy. (rN+++)
You are immune to unholy pain and torment.
You can survive without breathing.


Message History

No target in view!
No target in view!
No target in view!
No target in view!
No target in view!
No target in view!
No target in view!
No target in view!
You start resting.
The ball python is too close now for your liking.
The ball python hisses angrily.
Items here: ) ††† a short sword; a frilled lizard corpse; a kobold corpse; a goblin corpse You closely miss the ball python.
The ball python completely misses you. The ball python barely misses you.
You barely miss the ball python.
The ball python bites you but does no damage.
The ball python grabs you. The ball python constricts you.
Your leather armour prevents you from hitting the ball python.
The ball python barely misses you. The ball python constricts you.
You closely miss the ball python.
The ball python bites you but does no damage.
The ball python constricts you. The ball python barely misses you.
The ball python constricts you.
You hit the ball python.
You kill the ball python!
No target in view!
No target in view!
No target in view!
No target in view!
No target in view!
No target in view!
No target in view!
No target in view!
You start resting.
HP restored.
You see here a ball python corpse.
A hobgoblin comes into view. It is wielding a club.
A hobgoblin is nearby!
A hobgoblin is nearby!
A frilled lizard comes into view.
The hobgoblin shouts!
A hobgoblin comes into view. It is wielding a club.
Found a leather armour.
The hobgoblin shouts!
The hobgoblin hits you but does no damage.
You barely miss the hobgoblin. The frilled lizard bites you.
You completely miss the hobgoblin. The hobgoblin closely misses you.
The frilled lizard bites you but does no damage.
The hobgoblin hits you with a club.
You barely miss the hobgoblin. The hobgoblin hits you with a club!
* * * LOW HITPOINT WARNING * * *
The frilled lizard bites you but does no damage.
The hobgoblin closely misses you.
You barely miss the hobgoblin. The hobgoblin misses you.
The frilled lizard closely misses you. The hobgoblin barely misses you.
You closely miss the hobgoblin.
The hobgoblin hits you but does no damage.
The frilled lizard barely misses you. The hobgoblin hits you with a club.
* * * LOW HITPOINT WARNING * * *
You closely miss the hobgoblin. The hobgoblin hits you with a club!
* * * LOW HITPOINT WARNING * * *
The frilled lizard bites you.
You die...

.....#..............#
...................#
#.................# .
#.................#..
#...................#
#....................
...##...##..........#
........##..........###
...##.#.##...#.@l.....#
.. #.#†##...#.gg.....#
#)#.##...#......[.#
#.#)##...#........#
#.#.######........+
#.#.# #........#
######.#.######........#
#........#...##........#
#.######.#...#


You could see 2 hobgoblins and a frilled lizard.

Vanquished Creatures
  2 dart slugs (D:1)
  4 goblins (D:1)
  A hobgoblin (D:1)
  A ball python (D:1)
  2 bats (D:1)
  A frilled lizard (D:1)
  3 kobolds (D:1)
  2 rats (D:1)
16 creatures vanquished.

Notes
Turn   | Place    | Note
-------+----------+-------------------------------------------
     0 | D:1      | Amnesiac the Mummy Hunter began the quest for the Orb.
     0 | D:1      | Reached XP level 1. HP: 16/16 MP: 1/1
   110 | D:1      | Reached XP level 2. HP: 11/22 MP: 2/2
   557 | D:1      | Slain by a frilled lizard

Action                   || total
-------------------------++-------
Melee: Short sword       ||    80
Armor: Leather armour    ||    26
Dodge: Dodged            ||    37
